 Dungeon Crawl Stone Soup version 0.27-a0-277-g024f7ef292 (webtiles) character file.

Game seed: 10562154313154377269

154 skwiii the Chopper (level 5, -8/46 HPs)
             Began as a Minotaur Chaos Knight on Feb 7, 2021.
             Was a Plaything of Xom.
             Drowned by a water nymph (shapeshifter) (13 damage)
             ... on level 3 of the Dungeon.
             The game lasted 00:10:17 (2454 turns).

skwiii the Chopper (Minotaur Chaos Knight)          Turns: 2454, Time: 00:10:18

Health: -8/46      AC:  7    Str: 18    XL:     5   Next: 13%
Magic:  4/4        EV:  9    Int:  9    God:    Xom [....*.]
Gold:   219        SH:  0    Dex:  9    Spells: 4/4 levels left

rFire    + . .     SeeInvis .   a - +0 hand axe (chaos)
rCold    . . .     Faith    +   (no shield)
rNeg     . . .     Spirit   .   f - +0 scale mail {rF+}
rPois    .         Reflect  .   (helmet restricted)
rElec    .         Harm     .   e - +0 cloak (curse)
rCorr    .         Rampage  .   (no gloves)
Will     .....                  (no boots)
Stlth    ..........             j - amulet of faith
HPRegen  0.15/turn              (no ring)
MPRegen  0.09/turn              (no ring)

@: no status effects
A: retaliatory headbutt, horns 2
a: Renounce Religion


You were on level 3 of the Dungeon.
You worshipped Xom.
You were a beloved toy of Xom.
You visited 1 branch of the dungeon, and saw 3 of its levels.

You collected 219 gold pieces.

Inventory:

Hand Weapons
 a - a +0 hand axe of chaos (weapon)
 n - a +3 hand axe
Armour
 b - a +2 leather armour
 e - a cursed +0 cloak (worn)
 f - a +0 scale mail of fire resistance (worn)
 m - a +0 helmet
Jewellery
 j - an amulet of faith (around neck)
 o - a +4 ring of slaying {unknown}
 p - an uncursed ring of fire {unknown}
Scrolls
 c - a scroll of remove curse {unknown}
 g - a scroll of enchant armour {unknown}
 k - a scroll of identify
Potions
 d - a potion of heal wounds {unknown}
 h - a potion of invisibility {unknown}
 i - a potion of brilliance {unknown}
 l - a potion of lignification {unknown}


   Skills:
 - Level 4.0 Fighting
 + Level 6.5 Axes
 - Level 2.4 Armour
 - Level 1.1 Dodging
 + Level 1.1 Stealth


You had 4 spell levels left.
You didn't know any spells.
Your spell library contained the following spells:

 Spells                   Type           Power        Failure   Level
 Apportation              Tloc           0%           78%         1
 Passage of Golubria      Tloc           N/A          100%        4
 Ozocubu's Refrigeration  Ice            0%           100%        7
 Disjunction              Tloc           0%           100%        8


Dungeon Overview and Level Annotations

Branches:
Dungeon (3/15)

Altars:
Kikubaaqudgha
Ru
Wu Jian
Xom


Innate Abilities, Weirdness & Mutations

You reflexively headbutt those who attack you in melee.
You have a pair of horns on your head.


Message History

Moving in this stuff is going to be slow.
Your crimson imp blinks!
Splash!
You fall into the shallow water.
Moving in this stuff is going to be slow.
The water nymph barely misses you.
Splash!
You fall into the shallow water.
Moving in this stuff is going to be slow.
You see here 20 sling bullets. "Hum-dee-hum-dee-hum..."
Your crimson imp evaporates and reforms as a neqoxec!
A bat comes into view.
Splash!
You fall into the shallow water.
Moving in this stuff is going to be slow.
You see here 19 arrows.
The water nymph touches you. The water nymph drowns you!
You die...
Xom chortles!

.................#
#..####.##
#######.....####.#
#.........
#(....####.....#####.##
###≈≈≈....#### ## #.##
#≈≈≈≈3≈##.# ### #...
#≈####b# .. ..# #### #≈#
##(# # #.# # #.###≈m###
#.# # #....≈.@.# #.# #
#.######.# #.########
#.#§≈§≈#.# ###.....)...
#.#≈.>§'.# #.......)...
#.#≈_⌠≈'.####<##########
#.#≈≈≈≈#......#
#.######..#####
#.........# #.........#


You could see a water nymph shaped shifter, a bat and a friendly neqoxec
(summoned).

Vanquished Creatures
  2 orc priests (D:3)
  2 adders (D:2)
  2 oozes (D:1)
  6 dart slugs
  6 orcs (D:3)
  A ball python (D:3)
  6 bats
  2 giant cockroaches (D:2)
  8 hobgoblins
  4 jackals (D:2)
  A quokka (D:2)
  2 frilled lizards (D:3)
  8 goblins
  7 kobolds
  A quokka zombie (D:2)
  5 rats
63 creatures vanquished.

Vanquished Creatures (collateral kills)
  An orc (D:3)
1 creature vanquished.

Grand Total: 64 creatures vanquished

Notes
Turn   | Place    | Note
-------+----------+-------------------------------------------
     0 | D:1      | skwiii the Minotaur Chaos Knight began the quest for the
                  | Orb.
     0 | D:1      | Reached XP level 1. HP: 19/19 MP: 0/0
    39 | D:1      | XOM: silly message
    78 | D:1      | XOM: god gift: engraved book {god gift}
    78 | D:1      | Identified Xom's Volume of Triumph (Xom gifted it to you on
                  | level 1 of the Dungeon)
   235 | D:1      | Reached skill level 4 in Axes
   235 | D:1      | Reached XP level 2. HP: 20/27 MP: 1/1
   389 | D:1      | XOM: stat loss: -1 Int (8/9)
   416 | D:1      | XOM: cloud trail
   544 | D:1      | XOM: scenery: create altars
   583 | D:1      | XOM: god gift: runed scale mail {god gift}
   610 | D:1      | Reached XP level 3. HP: 33/33 MP: 2/2
   666 | D:1      | Reached skill level 5 in Axes
   726 | D:1      | XOM: 7-stop teleportation journey
  1192 | D:2      | XOM: stat loss: -1 Int (8/9)
  1208 | D:2      | XOM: 2-stop teleportation journey
  1332 | D:2      | Reached XP level 4. HP: 38/40 MP: 3/3
  1489 | D:2      | XOM: stat loss: -1 Int (8/9)
  1587 | D:2      | Found a faded altar of an unknown god.
  1884 | D:3      | Found a sacrificial altar of Ru.
  1909 | D:3      | Found an ancient bone altar of Kikubaaqudgha.
  1912 | D:3      | XOM: 2-stop teleportation journey
  1953 | D:3      | Reached skill level 6 in Axes
  1956 | D:3      | Reached skill level 1 in Stealth
  1958 | D:3      | XOM: scenery: summon butterflies
  2136 | D:3      | XOM: summons 4 friendly demons
  2144 | D:3      | Reached XP level 5. HP: 20/46 MP: 4/4
  2146 | D:3      | Noticed a shapeshifter
  2146 | D:3      | an orc changed into a shapeshifter
  2146 | D:3      | Noticed a tarantella
  2146 | D:3      | a shapeshifter changed into a tarantella
  2420 | D:3      | Found an ornate altar of the Wu Jian Council.
  2425 | D:3      | Noticed a boulder beetle
  2430 | D:3      | Noticed an anaconda
  2430 | D:3      | a boulder beetle changed into an anaconda
  2431 | D:3      | XOM: summons friendly ufetubus
  2435 | D:3      | Noticed a manticore
  2435 | D:3      | an anaconda changed into a manticore
  2436 | D:3      | Noticed a water nymph
  2436 | D:3      | a manticore changed into a water nymph
  2443 | D:3      | XOM: summons friendly crimson imp
  2452 | D:3      | XOM: polymorph crimson imp -> neqoxec
  2454 | D:3      | Drowned by a water nymph (shapeshifter)

Illustrated notes

Levels and vault maps discovered:
D:1:      kilobyte_arrival_exit_the_forest, layout_basic
D:2:      layout_loops_ring, chequers_ecumenical_altar_simple,
          minmay_misc_feat_ornament
D:3:      layout_loops_ring, nicolae_overflow_crystal_walls,
          general_overflow_altar, nicolae_overflow_hidden_temple,
          serial_park_tiny_1

Skill      XL: |  1  2  3  4 |
---------------+-------------+-----
Fighting       | 4 |  4.0
Axes           | 4 5 6 |  6.5
Stealth        | 1 |  1.1
Armour         | |  2.4
Dodging        | |  1.1

Action                   |  1- 3 |  4- 6 || total
-------------------------+-------+-------++-------
Melee: Hand axe          |    58 |    56 ||   114
       Headbutt          |     9 |     4 ||    13
  Use: Scroll            |       |     1 ||     1
 Stab: Paralysed         |     2 |       ||     2
Armor: Leather armour    |    10 |       ||    10
       Scale mail        |    24 |    40 ||    64
Dodge: Dodged            |    32 |    18 ||    50

Table legend: (Time is in decaauts)
 A = Elapsed time spent in this place.
 B = Non-inter-level travel time spent in this place.
 C = Inter-level travel time spent in this place.
 D = Time resting spent in this place.
 E = Time spent auto-exploring this place.
 F = Levels seen in this place.
 G = Mean time per level.
                   A        B        C        D        E       F      G
               +--------+--------+--------+--------+--------+-----+--------+
         Total |   2465 |   2436 |     29 |    204 |   1525 |   3 |  821.7 |
       Dungeon |   2465 |   2436 |     29 |    204 |   1525 |   3 |  821.7 |
               +--------+--------+--------+--------+--------+-----+--------+

Top non-repeatable levels by time:
     D:1: 1057 daAuts
     D:2: 821 daAuts
     D:3: 586 daAuts
